[Event "German Bundesliga 2021-22"]
[Site "Germany"]
[Date "2022.04.09"]
[Round "3.3"]
[White "Salgado Lopez, Ivan"]
[Black "Bruedigam, Martin"]
[Result "0-1"]
[ECO "A19"]
[WhiteElo "2611"]
[BlackElo "2386"]
[Annotator "TA"]
[PlyCount "170"]
[EventDate "2022.03.05"]
[EventType "team-tourn"]
[EventCountry "GER"]
[SourceTitle "playchess.com"]
[Source "ChessBase"]
[SourceQuality "1"]
[TimeControl "40/5400+30:1800+30"]

1. c4 Nf6 2. Nc3 e6 3. e4 c5 4. e5 Ng8 5. Nf3 Nc6 6. d4 cxd4 7. Nxd4 Nxe5 8. Ndb5 d6 {[%emt 0:25:59] A19: English Opening: Flohr-Mikenas System with 3...c5.} 9. Ne4 {[%emt 0:34:07] is the legacy move (9.c5).} Nf6 10. Nexd6+ Bxd6 {[%emt 0:00:11] [#] White is slightly better.} 11. Nxd6+ $146 ({Predecessor:} 11. Qxd6 Qxd6 12. Nxd6+ Ke7 13. Nxc8+ Rhxc8 14. b3 Rd8 15. Ba3+ Ke8 16. Rd1 Rxd1+ 17. Kxd1 Rd8+ 18. Kc1 Nd3+ 19. Bxd3 Rxd3 20. Kc2 Rd7 21. Re1 {½-½ (21) Marin Aso,J (1907)-De Paz Nistal,S (1920) Madrid 2020}) 11... Ke7 12. Nxc8+ Rxc8 13. Qb3 Qc7 14. Qa3+ Kd7 15. Qxa7 Nxc4 {[%emt 0:03:18] Active counter play!} 16. Be2 Qa5+ (16... Rhd8 {feels hotter.} 17. O-O Ke8 18. Bxc4 Qxc4 19. Qxb7 Nd5) 17. Qxa5 Nxa5 18. Bb5+ Nc6 19. Be3 Nd5 20. O-O-O Kc7 21. Bc5 b6 22. Ba3 Kb7 23. Kb1 Rhd8 24. Rhe1 Ncb4 {[%emt 0:03:04] ...Nc2 is the strong threat.} 25. Rc1 {[%emt 0:02:11] Inhibits Nc2.} Nc6 26. Bf1 Nf6 27. Rc2 (27. b3 {seems wilder.} Rd2 28. Be2 Rcd8 29. Bf3) 27... Nd4 28. Rxc8 Rxc8 29. Rd1 Nc6 30. Be2 Nd5 31. Bd6 Rd8 32. Bg3 Nce7 33. Bf3 Nf5 34. Bf4 h6 35. g3 Nfe7 36. Bc1 Nc6 37. h4 Ne5 38. Be2 Kc6 39. Bd2 f6 40. h5 Kc7 41. Rc1+ Kb7 42. f4 Nc6 43. Rc4 Nde7 44. Be3 Rd6 45. Bf3 Nd5 46. Bf2 Nce7 47. a3 Rc6 48. Rxc6 Kxc6 $16 {[%emt 0:00:16][%mdl 4096] Endgame KBB-KNN} 49. Kc2 b5 50. Kd3 e5 $2 (50... Kd6 $16 51. b3 Nc7) 51. fxe5 $18 fxe5 52. b4 {[%emt 0:00:13] And now Ke4 would win.} Kd6 53. Bc5+ Ke6 {[%emt 0:00:13] [#]} 54. Be2 {[%emt 0:08:30] A strong pair of Bishops.} (54. a4 $1 $16 bxa4 55. b5) 54... Nf5 $1 $14 55. Kc2 Nc7 56. Bg4 Kf6 57. Bf2 e4 58. Bh3 ({Better is} 58. Kd2 $1 $14) 58... Nd5 $11 59. Kd1 Ke5 (59... e3 $5 60. Be1 Ke5 $11) 60. Ba7 Nfe3+ 61. Ke2 Nc4 {[%emt 0:00:39] Threatening ...Nf6.} 62. Bb8+ $1 Kf6 63. Ba7 Nc3+ 64. Kf2 {[%emt 0:00:43] Strongly threatening Bd4+.} Ke5 {[%emt 0:00:10] Against Bd4+} 65. Bf1 ({White should play} 65. Bc5 $15) 65... Nxa3 $19 66. Bc5 $2 {[%emt 0:00:22] [#]} (66. Ke1 {was worth a try.}) 66... Nc2 $1 67. Bf8 (67. Kg2 {is the only way for White.}) 67... Kf6 68. Bc5 Kg5 69. Bf8 e3+ 70. Kf3 e2 $1 71. Bxe2 Nd4+ 72. Ke3 Ncxe2 73. Bc5 Nf5+ {[%emt 0:00:51] Black mates.} 74. Kxe2 Nxg3+ {[%emt 0:00:03] KB-KN} 75. Kd3 Nxh5 76. Be7+ Kf5 77. Kd4 Nf4 78. Kc5 g5 79. Kxb5 Nd5 80. Bf8 h5 81. Kc4 Ke4 82. Bc5 h4 83. Bf2 h3 84. Bg1 {[%emt 0:00:16] [#]} Nxb4 $1 85. Kxb4 (85. Kc5 Nd3+) 85... g4 {[%emt 0:00:06] Never resign too early!  Weighted Error Value: White=0.09 (flawless) /Black=0.11 (very precise)} 0-1

[Event "German Bundesliga 2021-22"]
[Site "Germany"]
[Date "2022.04.09"]
[Round "3.3"]
[White "Edouard, Romain"]
[Black "Nestorovic, Nikola"]
[Result "0-1"]
[ECO "A28"]
[WhiteElo "2591"]
[BlackElo "2456"]
[Annotator "RC"]
[PlyCount "138"]
[EventDate "2022.03.05"]
[EventType "team-tourn"]
[EventCountry "GER"]
[SourceTitle "playchess.com"]
[Source "ChessBase"]
[SourceQuality "1"]
[TimeControl "40/5400+30:1800+30"]

1. c4 e5 2. Nc3 Nc6 3. Nf3 Nf6 4. e3 g6 5. d4 d6 6. dxe5 Nxe5 7. Nxe5 dxe5 8. Qxd8+ Kxd8 9. b3 Bd6 10. Bb2 Bd7 11. O-O-O Kc8 12. Be2 Re8 13. h3 Bc6 14. Bf3 Bxf3 15. gxf3 a6 16. h4 b6 17. Ne4 Nxe4 18. fxe4 h5 19. Rh3 Kd7 20. f4 Kc6 21. f5 gxf5 22. exf5 Rg8 23. f6 Rg4 24. Rhh1 b5 25. cxb5+ axb5 26. Kb1 b4 27. Rdf1 Kd5 28. Rf5 Rh8 29. Bc1 Ke6 30. e4 Rxe4 31. Rf2 Rg4 32. Bg5 Ra8 33. Re2 Ra5 34. Rc1 Rc5 35. Rd1 Rc3 36. Kb2 Rcg3 37. Rdd2 Rf3 38. Rc2 Kd5 39. Red2+ Rd4 40. Re2 Rf1 41. Rc1 Rf3 42. Rg1 e4 43. Kb1 Be5 44. Kc2 Bg3 45. Bd2 Rf2 46. Rg2 Rxe2 47. Rxe2 Bxh4 48. Rh2 Bxf6 49. Rxh5+ Ke6 50. Rh6 Kf5 51. Rh5+ Kg6 52. Rh6+ Kg7 53. Rh5 Be7 54. Bc1 Kg6 55. Rh6+ Kf5 56. Rh5+ Ke6 57. Rh6+ f6 58. Rh4 f5 59. Rh6+ Kd7 60. Rh7 Ke6 61. Rh6+ Ke5 62. Bb2 c5 63. Ra6 f4 64. a4 bxa3 65. Rxa3 f3 66. Ra7 Ke6 67. Bxd4 cxd4 68. Ra5 d3+ 69. Kc3 f2 0-1

[Event "German Bundesliga 2021-22"]
[Site "Germany"]
[Date "2022.04.09"]
[Round "3.4"]
[White "Rozentalis, Eduardas"]
[Black "Nyback, Tomi"]
[Result "1/2-1/2"]
[ECO "C54"]
[WhiteElo "2542"]
[BlackElo "2573"]
[Annotator "TA"]
[PlyCount "150"]
[EventDate "2022.03.05"]
[EventType "team-tourn"]
[EventCountry "GER"]
[SourceTitle "playchess.com"]
[Source "ChessBase"]
[SourceQuality "1"]
[TimeControl "40/5400+30:1800+30"]

1. e4 e5 2. Nf3 Nc6 3. Bc4 Bc5 4. c3 Nf6 5. d3 d6 6. O-O h6 7. Re1 O-O 8. Nbd2 Ng4 9. Re2 Kh8 10. Nb3 Bb6 11. h3 Nf6 12. a4 a5 13. Bd2 Nh5 14. d4 Qf6 15. Re1 Nf4 16. Be3 g5 17. Nh2 Qg6 18. Bf1 f5 19. d5 Ne7 20. Bxb6 cxb6 21. exf5 Bxf5 22. Nd4 $1 Nfxd5 ({Don't take} 22... Nexd5 23. Nxf5 Rxf5 24. g3 $14) 23. Nxf5 Qxf5 ({Don't play} 23... Rxf5 24. Bd3 Nf4 25. Bxf5 Nxf5 26. g3 $16) 24. Qd2 Rad8 25. Rad1 Nf6 26. Qe3 (26. Bd3 $5 Qf4 27. Qxf4 gxf4 28. Nf3 $11) 26... Ned5 27. Qd2 Nf4 28. Qe3 N4d5 29. Qd2 Kg7 30. g3 Ne7 31. Bg2 Qd7 32. Qc2 Qc7 33. Nf1 d5 34. Ne3 e4 35. Rd2 h5 36. Red1 Qc5 37. Qb3 Rd6 38. Rd4 Kh8 39. Qb5 Nc6 40. R4d2 Ne5 41. Qe2 Nd3 (41... Rfd8 $142) 42. Nf5 $11 Rdd8 43. Nd4 (43. Rxd3 $5 exd3 44. Rxd3 $11) 43... Rde8 44. Qe3 Nh7 45. Nf5 (45. Rxd3 $11 exd3 46. Qxd3) 45... Rxf5 $15 46. Rxd3 Nf6 ({But not} 46... exd3 47. Qxe8+ Kg7 48. Qe1 $16) 47. Rd4 Kg7 48. R1d2 (48. Rc1 $11 {remains equal.}) 48... Re7 (48... b5 $17) 49. c4 $11 dxc4 50. Qc3 e3 51. fxe3 Rfe5 52. Rxc4 Qxe3+ 53. Qxe3 Rxe3 54. Kh2 Ne4 55. Rd5 $1 Re2 56. Kg1 Re1+ 57. Kh2 Re2 58. Kg1 Kf6 59. Rb5 Nxg3 60. Rxb6+ R7e6 61. Rxe6+ Rxe6 62. Bxb7 Rb6 63. Rc6+ Rxc6 64. Bxc6 Ke5 65. Kg2 Nf5 66. Be8 g4 67. Bxh5 gxh3+ 68. Kxh3 Kd4 69. Kg2 Ne3+ 70. Kf2 Nc4 71. b3 Nd2 72. Bf7 Kc3 73. Ke2 Nxb3 74. Bxb3 Kxb3 75. Kd2 Kxa4 1/2-1/2

[Event "German Bundesliga 2021-22"]
[Site "Germany"]
[Date "2022.04.09"]
[Round "3.4"]
[White "Horvath, Dominik"]
[Black "Van Wely, Loek"]
[Result "0-1"]
[ECO "B07"]
[WhiteElo "2483"]
[BlackElo "2612"]
[Annotator "TA"]
[PlyCount "106"]
[EventDate "2022.03.05"]
[EventType "team-tourn"]
[EventCountry "GER"]
[SourceTitle "playchess.com"]
[Source "ChessBase"]
[SourceQuality "1"]
[TimeControl "40/5400+30:1800+30"]

1. e4 d6 2. d4 Nf6 3. Nc3 g6 4. Be3 Bg7 5. f3 c6 6. Qd2 b5 7. Bh6 Bxh6 8. Qxh6 b4 {[%emt 0:02:34] B07: Pirc Defence: Miscellaneous Systems.} 9. Nd1 (9. Na4 $1 $14 {is more appropriate.}) 9... Qb6 $11 {[%emt 0:01:59] has lost popularity (9...Qa5).} 10. Qd2 a5 {[%emt 0:04:00] The position is equal.} 11. Ne3 Nbd7 {[%emt 0:02:10] [#]} 12. g4 $146 ({Predecessor:} 12. Bc4 c5 13. c3 Ba6 14. Bxa6 Qxa6 15. Ne2 Rb8 16. O-O O-O 17. Nf4 e6 18. dxc5 dxc5 {1-0 (44) Duong,T (2403)-Hendriks,W (2411) Budapest 2008}) 12... h6 13. h4 c5 14. d5 Ne5 15. Nc4 Nxc4 16. Bxc4 Nd7 17. f4 Nf6 18. g5 Nxe4 19. Qg2 Bf5 {[%emt 0:01:47] Threatens to win with ...a4.} 20. Ne2 $1 {[%emt 0:07:56] Hoping for Bd3.} (20. Bd3 $2 c4 $1 21. Bxe4 Qe3+ 22. Qe2 Qxe4 23. Qxe4 Bxe4 $19) 20... a4 {[%emt 0:03:43] And now ...Qa5 would win.} (20... b3 $5 21. axb3 a4 $15) 21. Bd3 a3 $36 {[%emt 0:00:16][%mdl 2048] Black has some pressure.} 22. b3 Nc3 23. Bxf5 gxf5 24. Nxc3 bxc3 25. O-O-O {[%emt 0:05:53] aiming for Qh3.} c4 26. Qf3 cxb3 27. Qxc3 {[%emt 0:00:31][%mdl 8192] [#]} (27. cxb3 $11 {and White is okay.} Rc8 28. Kc2) 27... bxc2 $1 $19 {[%emt 0:01:04] Really sharp!} 28. Rde1 (28. Qxh8+ $2 {loses.} Kd7 29. Qc3 cxd1=Q+ 30. Rxd1 Rc8 31. Qxc8+ Kxc8 $19) 28... Qb2+ $2 (28... Qb1+ $19 {and Black stays clearly on top.} 29. Kd2 c1=B+ 30. Rxc1 Qxa2+ 31. Ke3 O-O 32. gxh6 f6) 29. Qxb2 $17 axb2+ {[%emt 0:00:04][%mdl 64] Discovered Attack} 30. Kxb2 {[%emt 0:00:18][%mdl 4096] Endgame KRR-KRR} Kd7 31. Rh3 Ra7 ({Black should play} 31... h5 $17 32. Rhe3 Rhb8+ 33. Kxc2 Rxa2+ 34. Kc1 Ra1+ 35. Kc2 Rxe1 36. Rxe1 Rb5) 32. Rhe3 Rb8+ 33. Rb3 $1 Rba8 34. a3 hxg5 (34... Rc7 $5 ) 35. hxg5 ({White should try} 35. fxg5 $15 Rc7 36. Kc1) 35... Rc7 36. Rc1 Rac8 $1 37. a4 Rc5 38. Rb7+ Kd8 39. Kb3 Rc3+ (39... Rxd5 40. Rxc2 Rd3+ 41. Kb2 Rxc2+ 42. Kxc2 $15) (39... R8c7 $1 $17 40. Rb8+ (40. Rxc7 $2 Kxc7 41. Kb4 Kb6 $19) 40... Kd7) 40. Kb2 $11 R3c5 (40... R3c4 $11) 41. Kb3 $1 $17 Ke8 ({Inferior is} 41... Rxd5 42. Rxc2 Rd3+ 43. Kb2 Rxc2+ 44. Kxc2 $15) (41... R8c7 $1 $17 42. Rb4 (42. Rxc7 Kxc7 43. Ka3 Kb6 $19) 42... Kd7) 42. Rb5 {[%emt 0:00:00][%mdl 8192] [#]} (42. a5 $15) 42... Rxb5+ $1 $19 43. axb5 {[%emt 0:00:00] [#] KR-KR} Rc5 $1 44. Kb4 Kd7 45. Ka5 Kc7 46. Ka6 Rc3 47. b6+ Kb8 48. b7 Kc7 49. Re1 Ra3+ (49... c1=Q $142 50. Rxe7+ Kd8 51. Re8+ Kxe8 52. b8=Q+ Ke7 53. Qb5 Ra3+ 54. Kb7 Qc3 55. Qb6 Rb3 56. Qxb3 Qxb3+ 57. Kc7 Qc4+ 58. Kb6 Qc5+ 59. Ka6 Kd7 60. Kb7 Qb5+ 61. Ka8 Kc7 62. Ka7 Qb7#) 50. Kb5 Rb3+ 51. Ka6 Rb6+ 52. Ka5 Rxb7 {[%emt 0:01:43] ( -> ...Rb1)} 53. Rxe7+ Kc8 {[%emt 0:00:12] Weighted Error Value: White=0.81/Black=0.34} 0-1

[Event "German Bundesliga 2021-22"]
[Site "Germany"]
[Date "2022.04.09"]
[Round "3.4"]
[White "Mueller, Nick"]
[Black "Khenkin, Igor"]
[Result "1/2-1/2"]
[ECO "D02"]
[WhiteElo "2375"]
[BlackElo "2509"]
[Annotator "TA"]
[PlyCount "53"]
[EventDate "2022.03.05"]
[EventType "team-tourn"]
[EventCountry "GER"]
[SourceTitle "playchess.com"]
[Source "ChessBase"]
[SourceQuality "1"]
[TimeControl "40/5400+30:1800+30"]

1. d4 d5 2. Nf3 c6 3. Bf4 Bf5 4. e3 e6 5. c4 Bd6 6. Bg3 {[%emt 0:14:07] D02: 1 d4 d5 2 Nf3 sidelines, including 2...Nf6 3 g3 and 2...Nf6 3 Bf4.} Bxg3 7. hxg3 Nd7 8. Nc3 {[%emt 0:02:24] The position is equal.} h6 9. Bd3 Bxd3 10. Qxd3 Ngf6 {[%emt 0:00:08] [#]} 11. b4 $146 ({Predecessor:} 11. O-O O-O 12. Rfe1 Qc7 13. b4 Rfe8 14. Rac1 e5 15. Nd2 dxc4 16. Nxc4 Rad8 17. Red1 {1-0 (65) Ali Marandi,C (2543)-Daggupati,B (2389) Philadelphia 2021}) 11... Qe7 12. Rb1 O-O 13. O-O dxc4 14. Qxc4 e5 15. dxe5 Nxe5 16. Qc5 Rfe8 17. Rfd1 Nxf3+ 18. gxf3 Qxc5 19. bxc5 Re5 (19... Rab8 $11 {keeps the balance.}) 20. Rxb7 $16 Rxc5 21. Ne4 {[%emt 0:06:23] &Bianco is more active.} Nxe4 22. fxe4 {[%emt 0:01:15] KRR-KRR} Re5 23. Rdd7 Rf8 24. f3 (24. Rxa7 $16 Rxe4 25. Kf1) 24... a5 25. a4 g5 26. g4 h5 27. gxh5 {[%emt 0:01:43] Weighted Error Value: White=0.13 (very precise) /Black=0.14 (very precise)} 1/2-1/2

[Event "German Bundesliga 2021-22"]
[Site "Germany"]
[Date "2022.04.09"]
[Round "3.4"]
[White "Lemmers, Oscar"]
[Black "Naiditsch, Arkadij"]
[Result "0-1"]
[ECO "C25"]
[WhiteElo "2346"]
[BlackElo "2648"]
[Annotator "TA"]
[PlyCount "70"]
[EventDate "2022.03.05"]
[EventType "team-tourn"]
[EventCountry "GER"]
[SourceTitle "playchess.com"]
[Source "ChessBase"]
[SourceQuality "1"]
[TimeControl "40/5400+30:1800+30"]

1. e4 e5 2. Nc3 Nc6 3. f4 exf4 4. d4 g5 5. h4 Bg7 6. hxg5 {[%emt 0:00:57] [#] Nf3 is the strong threat. C25: Vienna Game: Alternatives to 2...Nf6.} Nxd4 $146 ({Predecessor:} 6... Qxg5 7. Nge2 Qa5 8. Bd2 Qb4 9. Nd5 Qxb2 10. Nxc7+ Kd8 11. Bc3 Qa3 12. Nxa8 d6 {1-0 (19) Tokarev,E (1530)-Gyongyosi,P (914) LSS email 2010}) 7. Nh3 Ne6 8. Bc4 {[%emt 0:08:26] White is slightly better.} d6 9. Qh5 Ne7 $1 10. Bxf4 Ng6 {[%emt 0:09:07] Against e5} 11. Bh2 (11. Be3 $11) 11... h6 $15 12. gxh6 Rxh6 13. Qf3 Ne5 14. Bxe5 Bxe5 15. O-O-O ({But not} 15. O-O $2 Bd4+ 16. Rf2 Bxf2+ 17. Qxf2 Qh4 $19) 15... c6 {[%emt 0:00:52] Inhibits Nd5.} 16. Rhf1 Qe7 17. Ne2 Bd7 18. Ng3 {[%emt 0:00:49] And now Nf5 would win.} Ng5 19. Qe3 {[%emt 0:06:48] This move loses the game for White.} (19. Nxg5 $15 Qxg5+ 20. Kb1) 19... Bxh3 $19 20. gxh3 Rxh3 21. Rg1 d5 22. Bf1 Rxg3 {[%emt 0:02:59] &Nero is more active.} 23. Rxg3 Bxg3 24. Qxg3 Nxe4 25. Qh3 (25. Qg8+ $17 Qf8 26. Qg4) 25... Rd8 26. Re1 {[%emt 0:02:33] [#]} (26. Bd3 $17) 26... Rd6 $1 ({Worse is} 26... Qe5 27. Bd3 $17) 27. Bd3 Re6 28. Rg1 Kd8 29. Qh2 Nd6 {[%emt 0:00:42] ( -> ...Re1+)} 30. b3 Re1+ 31. Rxe1 Qxe1+ 32. Kb2 Kc7 33. c4 d4 {[%emt 0:00:46][%cal Bd5d4,Bd4d3][%mdl 32] Threatens to win with ...Qc3+.} 34. Bh7 $2 (34. Qc2) 34... c5 {[%emt 0:00:33] Hoping for ...Qc3+.} 35. Bg8 {[%emt 0:00:44] [#]} (35. Qc2 $19) 35... d3 {[%emt 0:00:52] Weighted Error Value: White=0.70/Black=0.17 (very precise)} 0-1

[Event "German Bundesliga 2021-22"]
[Site "Germany"]
[Date "2022.04.09"]
[Round "3.5"]
[White "Gustafsson, Jan"]
[Black "Klein, Felix"]
[Result "1-0"]
[ECO "D31"]
[WhiteElo "2643"]
[BlackElo "2288"]
[Annotator "TA"]
[PlyCount "73"]
[EventDate "2022.03.05"]
[EventType "team-tourn"]
[EventCountry "GER"]
[SourceTitle "playchess.com"]
[Source "ChessBase"]
[SourceQuality "1"]
[TimeControl "40/5400+30:1800+30"]

1. d4 d5 2. c4 e6 3. Nc3 c6 4. e3 Bd6 5. Bd3 f5 6. g4 (6. b3 $14) 6... Nf6 $11 {[%emt 0:00:00] A84: Dutch Defence: 2 c4 Miscellaneous.} 7. gxf5 exf5 8. Qc2 O-O {[%emt 0:01:29] [#] Black is slightly better.} 9. Bxf5 $146 ({White should try} 9. a3 $15) ({Predecessor:} 9. cxd5 Nxd5 10. Bc4 Kh8 11. Nge2 Be6 12. Qb3 Nd7 13. Bxd5 Bxd5 14. Nxd5 cxd5 15. Qxd5 {½-½ (44) Abrashkin,B (2407)-Tabatabaei,M (2613) Chess.com INT 2021}) 9... Bxf5 (9... dxc4 $17 {Strongly threatening ...Na6.} 10. a3 Bxf5 11. Qxf5 Qd7 12. Qxd7 Nbxd7) 10. Qxf5 $15 Kh8 11. Nf3 Ne4 {[%emt 0:11:08] Prevents Ng5.} 12. Qg4 Qf6 (12... Nxc3 $11 {remains equal.} 13. bxc3 Qf6) 13. Nxe4 $16 dxe4 {[%emt 0:00:23] [#]} (13... Qxf3 $2 14. Qxf3 Bb4+ 15. Ke2 Rxf3 16. Kxf3 $18) 14. Ng5 Qxf2+ 15. Kd1 Be7 {[%emt 0:19:37] And now ...Bxg5 would win.} 16. Ne6 $40 {[%emt 0:11:26][%csl Ge6][%cal Rg4g7][%mdl 128] White is up to no good.} Qf7 {[%emt 0:05:48][%mdl 8192] White stays focused until the end.} (16... Qf3+ $2 17. Qxf3 Rxf3 18. Nc7 $18) (16... Rf7 $14) 17. Nxf8 $18 Bxf8 18. Qc8 {[%emt 0:24:08] Black must now prevent Ke1.} ({Much less strong is} 18. Qxe4 $6 Na6 19. Bd2 Re8 $18) 18... Nd7 19. Qxa8 Qf3+ {[%emt 0:00:03] [#]} 20. Kc2 $1 Qxh1 21. Qxb7 Qf1 22. Qb3 {[%emt 0:01:34] Prevents Qd3+.} Nb6 23. c5 Nd5 24. a3 ({Better is} 24. Kb1 $18) 24... a5 $16 {[%emt 0:01:18][%cal Oa5a4] aiming for ...a4!} 25. Kb1 h5 26. Qc2 Nxe3 $2 (26... Be7 $16 {is tougher.} 27. Ka2 (27. Qxe4 Bg5 $14) 27... Qf7) 27. Qxe4 $18 Nd5 28. Qc2 Ne3 29. Qe4 Nd5 30. Qc2 Ne3 $1 31. Qb3 Nf5 (31... Nd5 32. Qc2) 32. Qf7 Be7 33. Ka2 Bf6 {[%emt 0:00:16] [#]} 34. Bg5 $1 Qd3 (34... Qg2 35. Bxf6) 35. Bxf6 {[%emt 0:00:11] White mates.} gxf6 36. Rg1 Nxd4 37. Rg8# {Weighted Error Value: White=0.50/Black=0.69} 1-0

[Event "German Bundesliga 2021-22"]
[Site "Germany"]
[Date "2022.04.09"]
[Round "3.5"]
[White "Predojevic, Borki"]
[Black "Berchtenbreiter, Maximilian"]
[Result "1/2-1/2"]
[ECO "B11"]
[WhiteElo "2585"]
[BlackElo "2506"]
[Annotator "TA"]
[PlyCount "76"]
[EventDate "2022.03.05"]
[EventType "team-tourn"]
[EventCountry "GER"]
[SourceTitle "playchess.com"]
[Source "ChessBase"]
[SourceQuality "1"]
[TimeControl "40/5400+30:1800+30"]

1. e4 c6 2. Nc3 d5 3. Nf3 Bg4 4. h3 Bxf3 5. Qxf3 e6 6. Be2 Nf6 {[%emt 0:00:00] B11: Caro-Kann: Two Knights Variation.} 7. O-O Bb4 8. e5 Nfd7 {[%emt 0:00:09] White is slightly better.} 9. d4 {[%emt 0:00:10] [#]} Be7 $146 ({Predecessor:} 9... a6 10. Qg3 g6 11. Nb1 Be7 12. Nd2 c5 13. c3 Nc6 14. Nf3 Qb6 15. Rd1 h6 {½-½ (41) Hansen,T (2439)-Peralta,F (2603) Roquetas de Mar 2011}) 10. Rd1 (10. Qg3 $5 g6 11. a3 $16) 10... g6 11. Nb1 {[%emt 0:06:10] &Bianco is more active.} (11. Qg3 $14 {is more appropriate.}) 11... c5 $11 12. c3 Nc6 13. Na3 a6 14. Nc2 Rc8 15. Bd3 Bg5 16. Bxg5 Qxg5 17. g3 h5 18. h4 Qh6 19. Kg2 O-O 20. Re1 Kg7 21. Rad1 f6 22. exf6+ Nxf6 (22... Rxf6 {is interesting.} 23. Qe3 cxd4 24. Qxh6+ Kxh6 25. Nxd4 e5) 23. Qe3 ({Don't go for} 23. dxc5 $2 Ng4 24. Qe2 Rxf2+ 25. Qxf2 Nxf2 26. Kxf2 Re8 $19) (23. Rxe6 {feels hotter.} c4 24. Ne3 cxd3 25. Nxd5 Nxd5 26. Qxd5 Rf7 27. Qe4) 23... Qxe3 24. fxe3 c4 25. Be2 Rc7 (25... Rce8 $17) 26. Rf1 (26. Bf3 $11) 26... Rcf7 $17 27. Rf4 Ne7 28. Bf3 Nf5 29. Re1 (29. e4 $2 dxe4 30. Be2 (30. Bxe4 $2 Nxe4 31. Rxe4 Nxg3 $19) 30... b5 $19) 29... Nd6 {[%emt 0:00:20] Pair of Knights!} 30. Re2 Kh6 ({Black should try} 30... Rg8 $17) 31. Na3 $11 Rg8 (31... b5 $142) 32. Rf2 (32. e4 $1 $11 dxe4 33. Bxe4) 32... g5 ({Black should play} 32... Kg7 $17) 33. hxg5+ {[%emt 0:00:30] The position is equal.} Rxg5 {[%emt 0:01:09] White must now prevent ...Nf5.} (33... Kxg5 {is more complex.} 34. Bxh5 Kxh5 35. Rxf6 Rxg3+ 36. Kxg3 Ne4+) 34. Bxd5 $1 Nxd5 35. Rxf7 Nxe3+ 36. Kh3 {[%emt 0:00:21] [#] R2f6+ is the strong threat.} Nxf7 37. Rxf7 b5 ({But not} 37... Nf5 38. Rxb7 Rxg3+ 39. Kh2 $14) 38. Rf3 Ng4 {[%emt 0:01:05] Weighted Error Value: White=0.17 (very precise) /Black=0.17 (very precise)} 1/2-1/2

[Event "German Bundesliga 2021-22"]
[Site "Germany"]
[Date "2022.04.09"]
[Round "3.5"]
[White "Gavrilescu, David"]
[Black "Von Herman, Ulf"]
[Result "1-0"]
[ECO "B10"]
[WhiteElo "2512"]
[BlackElo "2349"]
[Annotator "TA"]
[PlyCount "93"]
[EventDate "2022.03.05"]
[EventType "team-tourn"]
[EventCountry "GER"]
[SourceTitle "playchess.com"]
[Source "ChessBase"]
[SourceQuality "1"]
[TimeControl "40/5400+30:1800+30"]

1. e4 c6 2. Nf3 d5 3. exd5 cxd5 4. d4 Nc6 5. Ne5 e6 6. c3 {[%emt 0:01:49] B13: Caro-Kann: Exchange Variation and Panov-Botvinnik Attack.} Bd6 7. f4 {[%emt 0:01:39] [#]} g6 $146 ({Predecessor:} 7... Nge7 8. Bd3 O-O 9. Nd2 f6 10. Qh5 Nf5 11. Nxc6 bxc6 12. O-O c5 13. Nf3 Rb8 {½-½ (46) Safarli,E (2598)-Vazquez,G (2527) Chess.com INT 2020}) 8. Bb5 {[%emt 0:26:05] The position is equal.} Nge7 9. O-O f6 10. Ng4 O-O (10... h5 $5 11. Ne3 (11. Nxf6+ Kf7 $17) 11... Kf7 $11) 11. Nd2 Qb6 12. Qe2 Bd7 13. Bd3 e5 14. fxe5 Bxg4 {[%emt 0:05:19][%mdl 64] Remove Defender} 15. Qxg4 Nxe5 16. Qh3 Nxd3 17. Qxd3 Qc7 18. Nf3 Nf5 19. b3 Rae8 20. c4 Re4 21. c5 Bf4 22. b4 Be3+ (22... Kg7 $17) 23. Bxe3 $11 Rxe3 24. Qd2 Rfe8 {[%emt 0:00:20] Strongly threatening ...Re2.} 25. Rae1 {[%emt 0:00:25] Prevents Re2.} R8e4 ({Better is} 25... R3e4 $15) 26. b5 Qe7 27. Kf2 h5 28. Rxe3 Nxe3 29. Re1 Ng4+ 30. Kg1 Ne3 31. c6 {[%emt 0:04:37][%cal Oe1e3] Rxe3! is the strong threat.} bxc6 32. bxc6 {[%emt 0:00:02][%cal Oe1e3] And now Rxe3! would win.} Nc4 {[%emt 0:00:15] [#]} 33. Rxe4 $1 Qxe4 (33... dxe4 34. Qc2) 34. Qc1 (34. Qe1 $14 {is superior.}) 34... Kg7 (34... Qf5 $11) 35. c7 (35. Qe1 $14) 35... Qf5 36. Qe1 {[%emt 0:01:54] Hoping for Qe7+.} Qd7 {[%emt 0:00:24] Against Qe7+} (36... Kf7 $1 $11) 37. Qg3 ({White should play} 37. c8=R $14 Qxc8 38. Qe7+ Kg8 39. Qxf6) 37... Kf7 (37... Nb6 $11 {remains equal.}) 38. Qf4 (38. Nh4 $1 $16 g5 39. Qd3 $1 (39. Nf3 h4 $11)) 38... Kg7 39. Nh4 Nb6 40. Qc1 Nc4 $2 {[%emt 0:00:16] [#]} (40... Qa4 $11 41. c8=Q Qxd4+ 42. Kh1 Nxc8 43. Qc7+ Kh6 44. Qc1+ Kh7 45. Qc7+ Kh6 46. Qc1+ Kh7 47. Qc7+ Kh6) 41. Qb1 $1 $18 f5 42. Qb7 (42. Qb8 $18 Qa4 43. Qb3 (43. Nxf5+ gxf5 44. h3 Nd6 $15) 43... Qxb3 44. axb3) 42... Nd6 $16 {[%emt 0:00:00] Prevents c8Q.} 43. Qxa7 {[%emt 0:00:00] 0x0.00264cf1c310dp-1022s more active pieces.} Qe7 {[%emt 0:00:00][%cal Re7e1] [#]} 44. Nf3 $36 {[%emt 0:00:25][%mdl 2048] Against Qe1+. Black is under strong pressure.} Qe3+ (44... Nb5 $16 45. Qb7 Qe3+ 46. Kh1 Qc1+ 47. Ng1 Nxc7) 45. Kh1 $18 Qc1+ 46. Ng1 Kh6 (46... Kf6 $142 47. h4 Qf4) 47. Qc5 {[%emt 0:00:05] Weighted Error Value: White=0.18 (very precise) /Black=0.46} 1-0

[Event "German Bundesliga 2021-22"]
[Site "Germany"]
[Date "2022.04.09"]
[Round "3.5"]
[White "Grigorian, Spartak"]
[Black "Stankovic, Milos"]
[Result "1/2-1/2"]
[ECO "D85"]
[WhiteElo "2477"]
[BlackElo "2412"]
[Annotator "RC"]
[PlyCount "57"]
[EventDate "2022.03.05"]
[EventType "team-tourn"]
[EventCountry "GER"]
[SourceTitle "playchess.com"]
[Source "ChessBase"]
[SourceQuality "1"]
[TimeControl "40/5400+30:1800+30"]

1. d4 Nf6 2. c4 g6 3. Nc3 d5 4. cxd5 Nxd5 5. e4 Nxc3 6. bxc3 Bg7 7. Nf3 c5 8. Bb5+ Nc6 9. Rb1 Qa5 10. Bd2 O-O 11. d5 Ne5 12. Nxe5 Bxe5 13. O-O Bxc3 14. Be3 a6 15. Bd3 e6 16. Qc2 exd5 17. exd5 Rd8 18. Be4 Bd4 19. Bxd4 cxd4 20. Qc4 Bf5 21. Bxf5 gxf5 22. Qc1 f4 23. Qxf4 Qxd5 24. Rfe1 Re8 25. h4 d3 26. Red1 Rad8 27. Rb3 Qe4 28. Qg3+ Qg6 29. Rdxd3 1/2-1/2